 Dungeon Crawl Stone Soup version 0.28-a0-119-ga52ba8600a (webtiles) character file.

Game seed: 9802721162575285989

147 Ezendos the Skirmisher (level 5, 0/37 HPs)
             Began as an Octopode Fighter on Aug 13, 2021.
             Splashed by a jelly's acid (5 damage)
             ... on level 4 of the Dungeon.
             The game lasted 00:02:47 (2823 turns).

Ezendos the Skirmisher (Octopode Fighter)           Turns: 2823, Time: 00:02:48

Health: 0/37       AC: -3    Str: 15    XL:     5   Next: 29%
Magic:  5/5        EV: 11    Int: 12    God:
Gold:   82         SH: 11    Dex: 11    Spells: 4/4 levels left

rFire   . . .      SeeInvis .   f - +3 short sword
rCold   . . .      Faith    .   g - +2 kite shield
rNeg    . . .      Spirit   .   (helmet restricted)
rPois   .          Reflect  .   (no amulet)
rElec   .          Harm     .   l - ring of willpower
rCorr   .          Rampage  .   (no ring)
Will    +....                   (no ring)
Stlth   +++.......              (no ring)
HPRegen 0.12/turn               (no ring)
MPRegen 0.09/turn               (no ring)
                                (no ring)
                                (no ring)

@: corroded
A: almost no armour, amphibious, 8 rings, camouflage 1, gelatinous body 1,
(nimble swimmer 1), tentacles
a: no special abilities


You were on level 4 of the Dungeon.
You visited 1 branch of the dungeon, and saw 4 of its levels.

You collected 82 gold pieces.

Inventory:

Hand Weapons
 a - a +0 long sword
 f - a +3 short sword (weapon)
Armour
 g - a +2 kite shield (worn)
Jewellery
 l - a ring of willpower (left tentacle)
Scrolls
 b - a scroll of enchant weapon {unknown}
 e - 4 scrolls of teleportation
 h - a scroll of identify {unknown}
 m - a scroll of fog {unknown}
Potions
 c - a potion of might
 d - a potion of attraction {unknown}
 i - a potion of brilliance {unknown}
 j - a potion of lignification {unknown}
 k - a potion of mutation {unknown}


   Skills:
 + Level 3.9 Fighting
 + Level 3.1 Long Blades
 - Level 3.0 Dodging
 - Level 3.0 Stealth
 + Level 3.9 Shields


You had 4 spell levels left.
You didn't know any spells.
Your spell library contained the following spells:

 Spells                   Type           Power      Damage    Failure   Level
 Animate Skeleton         Necr           0%         N/A       80%         1
 Apportation              Tloc           0%         N/A       80%         1
 Corona                   Hex            0%         N/A       80%         1
 Summon Small Mammal      Summ           0%         N/A       80%         1


Dungeon Overview and Level Annotations

Branches:
Dungeon (4/15)
 Temple: D:4-7

Altars:


Innate Abilities, Weirdness & Mutations

You cannot wear most types of armour.
You are amphibious.
You can wear up to eight rings at the same time.
Your skin changes colour to match your surroundings (Stealth+).
Your rubbery body absorbs attacks. (AC +1, EV +1)
((You are camouflaged near water. (Stealth+)))
You have tentacles for arms and can constrict up to eight enemies at once.


Message History

You kill the hound!
The goblin hits you with a +0 club.
You hit the goblin. You grab the goblin. You squeeze the goblin.
You kill the goblin!
Items here: )) ††.
You start resting.
HP restored.
There is a stone staircase leading down here.
You climb downwards.
The ball python misses you. You block the ball python's attack.
The ball python barely misses you. The ball python closely misses you.
There is a stone staircase leading up here.
You hit the ball python. Your grab misses the ball python.
The ball python is severely wounded.
The ball python bites you. The ball python grabs you.
The ball python constricts you. You block the ball python's attack.
The ball python constricts you.
You hit the ball python.
You kill the ball python!
You see here a ball python corpse.
You see here a +0 dagger.
Found a curved gold wand.
l - a ring of willpower
m - a scroll labelled ELLEV QAFFUKUAZUB A jelly comes into view.
l - a ring of willpower (left tentacle)
The jelly quivers.
You hit the jelly.
Your tentacles burn!
You squeeze the jelly.
The jelly is moderately wounded.
The jelly hits you. The acid corrodes you!
You are splashed with acid!
You hit the jelly.
Your tentacles burn!
The jelly is severely wounded.
The jelly barely misses you.
You hit the jelly but do no damage.
Your tentacles burn!
The jelly is severely wounded.
The jelly hits you.
You are splashed with acid!
* * * LOW HITPOINT WARNING * * *
You hit the jelly.
Your tentacles burn!
You die...

.##.......# ..
.........#
..#####........##
..............$..
.......#........
........#.##..#
......#...##..#
............†<#
........#@.).##
../.....J....#
......##.....#
...... ###.......
#.### #.#.##... #
#...# .. ###.# .
###


You could see a jelly.

Vanquished Creatures
  An orc priest (D:3)
  A hound (D:3)
  A hound skeleton (D:4)
  An adder zombie (D:1)
  A worm (D:3)
  4 orcs
  4 ball pythons
  5 bats
  2 endoplasms (D:2)
  3 giant cockroaches (D:1)
  8 goblins
  5 hobgoblins
  4 jackals (D:3)
  2 quokkas
  A ball python zombie (D:1)
  5 frilled lizards
  9 kobolds
  6 rats
63 creatures vanquished.

Notes
Turn   | Place    | Note
-------+----------+-------------------------------------------
     0 | D:1      | Ezendos the Octopode Fighter began the quest for the Orb.
     0 | D:1      | Reached XP level 1. HP: 16/16 MP: 1/1
    21 | D:1      | Reached skill level 1 in Stealth
   203 | D:1      | Reached XP level 2. HP: 13/21 MP: 2/2
   555 | D:1      | Reached XP level 3. HP: 26/26 MP: 3/3
   612 | D:1      | Found a faded altar of an unknown god.
  1964 | D:3      | Reached XP level 4. HP: 25/31 MP: 4/4
  2714 | D:4      | Reached XP level 5. HP: 34/37 MP: 5/5
  2823 | D:4      | Splashed by a jelly's acid

Illustrated notes

Levels and vault maps discovered:
D:1:      saegor_arrival_fortress, layout_loops_cross, basic_ecumenical_altar
D:2:      layout_basic
D:3:      layout_basic, kennysheep_cross_bottleneck
D:4:      layout_rooms, uniq_eustachio

Skill      XL: |  1  2  3  4 |
---------------+-------------+-----
Stealth        | 2 3 |  3.0
Long Blades    | 3 |  3.1
Fighting       | |  3.9
Dodging        | |  3.0
Shields        | |  3.9

Action                   |  1- 3 |  4- 6 || total
-------------------------+-------+-------++-------
Melee: Long sword        |    10 |       ||    10
       Constrict         |    15 |    10 ||    25
       Tentacles         |    11 |     9 ||    20
       Short sword       |    56 |    37 ||    93
  Use: Scroll            |     1 |       ||     1
 Stab: Sleeping          |    23 |     1 ||    24
Armor: Skin              |     5 |     1 ||     6
Dodge: Dodged            |    17 |    29 ||    46
Block: Kite shield       |    21 |    19 ||    40

Table legend: (Time is in decaauts)
 A = Elapsed time spent in this place.
 B = Non-inter-level travel time spent in this place.
 C = Inter-level travel time spent in this place.
 D = Time resting spent in this place.
 E = Time spent auto-exploring this place.
 F = Levels seen in this place.
 G = Mean time per level.
                   A        B        C        D        E       F      G
               +--------+--------+--------+--------+--------+-----+--------+
         Total |   2855 |   2706 |    149 |    224 |   2029 |   4 |  713.8 |
       Dungeon |   2855 |   2706 |    149 |    224 |   2029 |   4 |  713.8 |
               +--------+--------+--------+--------+--------+-----+--------+

Top non-repeatable levels by time:
     D:2: 1197 daAuts
     D:3: 812 daAuts
     D:1: 803 daAuts
     D:4: 41 daAuts
